 Dungeon Crawl Stone Soup version 0.29-a0-270-g1586fc07ea (webtiles) character file.

Game seed: 4521864809847133021

183 bande the Covered (level 5, -9/33 HPs)
             Began as a Gargoyle Fighter on Mar 8, 2022.
             Killed by divine providence
             ... invoked by an orc priest
              (16 damage)
             ... on level 4 of the Dungeon.
             The game lasted 00:05:17 (3474 turns).

bande the Covered (Gargoyle Fighter)                Turns: 3474, Time: 00:05:18

Health: -9/33      AC: 12    Str: 19    XL:     5   Next: 62%
Magic:  0/5        EV:  9    Int:  9    God:
Gold:   112        SH:  4    Dex: 11    Spells: 4/4 levels left

rFire   . . .      SeeInvis .   r - +0 hand axe (venom)
rCold   . . .      Faith    .   c - +0 buckler
rNeg    + . .      Spirit   +   b - +0 scale mail
rPois   ∞          Reflect  .   k - +0 helmet
rElec   +          Harm     .   (no cloak)
rCorr   .          Rampage  .   (no gloves)
Will    .....                   (no boots)
Stlth   ..........              p - amulet of guardian spirit
HPRegen 0.11/turn               (no ring)
MPRegen 0.09/turn               (no ring)

@: no status effects
A: sickness immunity, AC +4, negative energy resistance 1, electricity
resistance, torment resistance 1, petrification resistance
a: no special abilities


You were on level 4 of the Dungeon.
You visited 1 branch of the dungeon, and saw 4 of its levels.

You collected 112 gold pieces.

Inventory:

Hand Weapons
 a - a +1 war axe
 r - a +0 hand axe of venom (weapon)
Armour
 b - a +0 scale mail (worn)
 c - a +0 buckler (worn)
 k - a +0 helmet (worn)
Jewellery
 h - an amulet of magic regeneration
 l - an amulet of the acrobat
 p - an amulet of guardian spirit (around neck)
Wands
 m - a wand of polymorph (11)
Potions
 d - a potion of might
 e - 2 potions of brilliance
 f - 3 potions of ambrosia
 g - 2 potions of mutation {unknown}
 i - 2 potions of attraction {unknown}
 j - a potion of magic {unknown}
 n - a potion of haste {unknown}
 q - 2 potions of curing {unknown}


   Skills:
 + Level 3.9 Fighting
 + Level 3.5 Axes
 + Level 4.6 Armour
 + Level 3.9 Shields


You had 4 spell levels left.
You didn't know any spells.
Your spell library contained the following spells:

 Spells                   Type           Power      Damage    Failure   Level
 Animate Skeleton         Necr           0%         N/A       83%         1
 Freeze                   Ice            0%         1d3       83%         1
 Pain                     Necr           0%         1d4       83%         1
 Scorch                   Fire           0%         2d5       92%         2
 Frozen Ramparts          Ice            0%         1d2       99%         3
 Vampiric Draining        Necr           0%         2d6       99%         3
 Flame Wave               Conj/Fire      0%         2d4       100%        4
 Hailstorm                Conj/Ice       0%         3d3       100%        4
 Summon Cactus Giant      Summ           0%         N/A       100%        6


Dungeon Overview and Level Annotations

Branches:
Dungeon (4/15)
 Temple: D:4-7

Altars:
Dithmenos
Fedhas
Yredelemnul


Innate Abilities, Weirdness & Mutations

You are immune to sickness and miasma.
Your stone body is resilient. (AC +4)
You are immune to poison.
You resist negative energy. (rN+)
You are resistant to electric shocks. (rElec)
You are resistant to unholy torment.
You are immune to petrification.


Message History

The hobgoblin hits you but does no damage.
An orc comes into view. It is wielding a +0 hand axe.
The orc moves out of view.
You hit the hobgoblin but do no damage.
The hobgoblin is poisoned.
You block the hobgoblin's attack.
An orc comes into view. It is wielding a +0 flail.
You barely miss the hobgoblin.
The orc shouts!
A goblin comes into view. It is wielding a +0 dagger.
The hobgoblin barely misses you.
The orc priest mumbles some strange prayers to Beogh against you.
Pain shoots through your body! The orc warrior barely misses you.
You hit the hobgoblin.
The hobgoblin looks as sick as possible!
The hobgoblin is lightly wounded.
You block the hobgoblin's attack.
The orc warrior hits you from afar with a +0 trident.
You closely miss the hobgoblin.
The hobgoblin is moderately wounded.
The hobgoblin hits you but does no damage.
The orc warrior hits you from afar with a +0 trident.
You completely miss the hobgoblin.
The hobgoblin is severely wounded.
You kill the hobgoblin!
The orc warrior hits you but does no damage.
The orc priest calls down the wrath of Beogh upon you.
Beogh smites you!
The orc warrior hits you from afar with a +0 trident.
* * * LOW HITPOINT WARNING * * *
You hear a shout!
The orc priest attacks as you move away!
The orc priest closely misses you.
The orc priest looks encouraged for a moment.
The orc priest mumbles some strange prayers to Beogh against you.
Pain shoots through your body!
* * * LOW HITPOINT WARNING * * *
The orc priest calls down the wrath of Beogh upon you.
Beogh smites you!
You die...

######## ###......#
......$.# ####......#
#### .go....o..# ###...
#.# #.....
#o################.....
#.o...@>...............
#######.##########...#.
#.##...#####...#.
#................
####......######.
#......# #. ###....# ##
#.....# #....##


You could see an orc priest and an orc.

Vanquished Creatures
  A jelly (D:4)
  7 adders
  An ufetubus (D:2)
  3 dart slugs
  An orc (D:4)
  6 endoplasms
  2 giant cockroaches
  4 goblins
  7 hobgoblins
  9 jackals (D:1)
  8 kobolds
  3 quokkas
  8 ball pythons
  6 bats
  4 frilled lizards
  4 rats
74 creatures vanquished.

Notes
Turn   | Place    | Note
-------+----------+-------------------------------------------
     0 | D:1      | bande the Gargoyle Fighter began the quest for the Orb.
     0 | D:1      | Reached XP level 1. HP: 14/14 MP: 1/1
    96 | D:1      | Reached XP level 2. HP: 19/19 MP: 2/2
   269 | D:1      | Found a faded altar of an unknown god.
   378 | D:1      | Reached XP level 3. HP: 21/23 MP: 3/3
  1114 | D:2      | Reached skill level 4 in Armour
  1263 | D:2      | Reached XP level 4. HP: 29/29 MP: 4/4
  1714 | D:2      | Identified the +1 chain mail of Lies {Harm rPois rN+}
  2549 | D:3      | Found a shadowy altar of Dithmenos.
  2867 | D:3      | Found a basalt altar of Yredelemnul.
  2875 | D:3      | Found a blossoming altar of Fedhas.
  3139 | D:4      | Reached XP level 5. HP: 28/33 MP: 5/5
  3461 | D:4      | Noticed an orc warrior
  3474 | D:4      | Killed from afar by an orc priest

Illustrated notes

Levels and vault maps discovered:
D:1:      dpeg_arrival_subterranean_lakeside_camping, layout_basic,
          shapermc_ecumenical_altar_mp_urbaneastern
D:2:      layout_loops_ring
D:3:      layout_basic, grunt_temple_overflow_open,
          mainiacjoe_overflow_surrounded_room
D:4:      layout_basic, grunt_ministairs_4

Skill      XL: |  1  2  3  4 |
---------------+-------------+-----
Axes           | 2 3 |  3.5
Armour         | 4 |  4.6
Fighting       | |  3.9
Shields        | |  3.9

Action                   |  1- 3 |  4- 6 || total
-------------------------+-------+-------++-------
Melee: War axe           |   132 |    84 ||   216
       Hand axe          |       |    27 ||    27
  Use: Scroll            |     1 |     6 ||     7
Armor: Scale mail        |    78 |    74 ||   152
Dodge: Dodged            |    83 |    67 ||   150
Block: Buckler           |    42 |    34 ||    76

Table legend: (Time is in decaauts)
 A = Elapsed time spent in this place.
 B = Non-inter-level travel time spent in this place.
 C = Inter-level travel time spent in this place.
 D = Time resting spent in this place.
 E = Time spent auto-exploring this place.
 F = Levels seen in this place.
 G = Mean time per level.
                   A        B        C        D        E       F      G
               +--------+--------+--------+--------+--------+-----+--------+
         Total |   3568 |   3554 |     14 |    297 |   2583 |   4 |  892.0 |
       Dungeon |   3568 |   3554 |     14 |    297 |   2583 |   4 |  892.0 |
               +--------+--------+--------+--------+--------+-----+--------+

Top non-repeatable levels by time:
     D:1: 1123 daAuts
     D:2: 1087 daAuts
     D:3: 1007 daAuts
     D:4: 350 daAuts
